 Dungeon Crawl Stone Soup version 0.18.1-50-g88ac8fd (webtiles) character file.

78 epen the Insei (level 4, -8/28 HPs)
             Began as an Octopode Transmuter on Oct 6, 2016.
             Mangled by graki42's ghost (11 damage)
             ... on level 3 of the Dungeon.
             The game lasted 00:02:05 (2041 turns).

epen the Insei (Octopode Transmuter)                Turns: 2041, Time: 00:02:05

Health: -8/28      AC:  3    Str:  6 (9)  XL:     4   Next: 36%
Magic:  7/7        EV: 12    Int: 14 (17) God:
Gold:   95         SH:  0    Dex: 12 (13) Spells: 3 memorised, 1 level left

rFire  . . .     SeeInvis .       - Unarmed
rCold  . . .     Gourm    .     (no shield)
rNeg   . . .     Faith    .     j - +2 hat
rPois  .         Spirit   .     (no amulet)
rElec  .         Dismiss  .     l - +2 ring of intelligence
rCorr  .         Reflect  .     (no ring)
SustAt .         Harm     .     (no ring)
MR     .....                    (no ring)
Stlth  ++........               (no ring)
                                (no ring)
                                (no ring)
                                (no ring)

@: not resistant to hostile enchantments, unstealthy
A: almost no armour, amphibious, 8 rings, constrict 8, camouflage 1, gelatinous
body 1
a: no special abilities


You were on level 3 of the Dungeon.
You were hungry.

You visited 1 branch of the dungeon, and saw 3 of its levels.

You collected 95 gold pieces.

Inventory:

Missiles
 a - 51 arrows
Armour
 j - a +2 hat (worn)
Jewellery
 l - a +2 ring of intelligence (left tentacle)
Scrolls
 d - a scroll of remove curse {unknown}
 e - 3 scrolls of teleportation {unknown}
 k - a scroll of identify {unknown}
Potions
 g - a potion of ambrosia
Books
 b - a book of Changes

   Spells                             Type                      Level
   a - Beastly Appendage              Transmutation                1
   b - Sticks to Snakes               Transmutation                2
   c - Spider Form                    Transmutation/Poison         3
   d - Ice Form                       Ice/Transmutation            4
   e - Blade Hands                    Transmutation                5
Comestibles
 c - 2 bread rations
 h - a beef jerky
 n - 16 fruits


   Skills:
 + Level 1.5 Fighting
 + Level 2.4 Dodging
 * Level 3.8 Unarmed Combat
 + Level 2.1 Spellcasting
 * Level 3.0 Transmutations


You had one spell level left.
You knew the following spells:

 Your Spells              Type           Power        Failure   Level  Hunger
a - Beastly Appendage     Trmt           ##....       10%         1    ##.....
b - Sticks to Snakes      Trmt           ##......     12%         2    ###....
c - Spider Form           Trmt/Pois      #.........   38%         3    ####...


Dungeon Overview and Level Annotations

Branches:
Dungeon (3/15)

Altars:
Pakellas
Sif Muna

Annotations:
D:3 graki42's ghost, amateur FeMo


Innate Abilities, Weirdness & Mutations

You cannot wear most types of armour.
You are amphibious.
You can wear up to eight rings at the same time.
You can use your tentacles to constrict eight enemies at once.
Your skin changes colour to match your surroundings (Stealth).
Your rubbery body absorbs attacks (AC +1).


Message History

It was a potion of ambrosia.
You are confused.
You feel invigorated. Graki42's ghost misses you. Graki42's ghost hits you.
Graki42's ghost hits you. Graki42's ghost hits you. Graki42's ghost hits you!
* * * LOW HITPOINT WARNING * * *
Drink which item? (? for menu, Esc to quit)
Okay, then.
You bump into the rock wall.
You feel less invigorated.
You feel less confused. Graki42's ghost hits you.
* * * LOW HITPOINT WARNING * * *
Drink which item? (? for menu, Esc to quit)
It was a potion of degeneration.
There was something very wrong with that liquid.
You feel weakened.
You feel dopey.
You feel clumsy. Graki42's ghost hits you!
You die...

#........#.#
#........#.#
#........#.#
..........#####
#......W.?..
#......# ####.#.#
######...#
#..@W....#
#.#####..#
.........>#
###+######.# #.#....
#.# #......#
###.#######
#......###.)........
#...........<.......
#......###..........


You could see graki42's ghost.

Vanquished Creatures
  3 adders (D:2)
  An ooze (D:2)
  4 worms (D:2)
  An orc (D:3)
  4 giant cockroaches
  6 hobgoblins
  3 kobolds
  A quokka (D:2)
  2 ball pythons
  4 bats
  3 giant newts
  6 rats
38 creatures vanquished.

Notes
Turn   | Place    | Note
--------------------------------------------------------------
     0 | D:1      | epen the Octopode Transmuter began the quest for the Orb.
     0 | D:1      | Reached XP level 1. HP: 13/13 MP: 3/3
   346 | D:1      | Reached XP level 2. HP: 18/18 MP: 5/5
   788 | D:2      | Found an oddly glowing altar of Pakellas.
   886 | D:2      | Reached XP level 3. HP: 18/23 MP: 6/6
   956 | D:2      | Learned a level 3 spell: Spider Form
   964 | D:2      | Learned a level 2 spell: Sticks to Snakes
   983 | D:2      | Found a deep blue altar of Sif Muna.
  1297 | D:2      | Reached XP level 4. HP: 26/28 MP: 7/7
  2022 | D:3      | Noticed graki42's ghost (amateur FeMo)
  2039 | D:3      | HP: 1/28 [graki42's ghost (13)]
  2041 | D:3      | Mangled by graki42's ghost

Skill      XL: |  1  2  3 |
---------------+----------+-----
Transmutations | 3 |  3.0
Fighting       | |  1.5
Dodging        | |  2.4
Unarmed Combat | |  3.8
Spellcasting   | |  2.1

Action                   |  1- 3 |  4- 6 || total
-------------------------+-------+-------++-------
Melee: Unarmed           |    81 |    30 ||   111
       Constrict         |    20 |     7 ||    27
       Tentacles         |    13 |     6 ||    19
       Punch             |     3 |       ||     3
  Use: Potion            |     1 |     3 ||     4
 Stab: Sleeping          |     6 |     2 ||     8
       Distracted        |     1 |       ||     1
  Eat: Chunk             |     1 |     2 ||     3
Armor: Skin              |     6 |     7 ||    13
Dodge: Dodged            |    43 |     8 ||    51
